 Dungeon Crawl Stone Soup version 0.29.1-2-gbd0b4ee654 (webtiles) character file.

Game seed: 10963889756949788986

59 KittyFluff the Trooper (level 4, -5/43 HPs)
             Began as a Gargoyle Berserker on Oct 26, 2022.
             Was a Believer of Trog.
             Splashed by a jelly's acid (6 damage)
             ... on level 4 of the Dungeon.
             The game lasted 00:06:36 (1740 turns).

KittyFluff the Trooper (Gargoyle Berserker)         Turns: 1740, Time: 00:06:36

Health: -5/43      AC:  1    Str: 21    XL:     4   Next: 3%
Magic:  4/4        EV: 12    Int:  7    God:    Trog [**....]
Gold:   94         SH:  0    Dex: 11    Spells: 3/3 levels left

rFire   . . .      SeeInvis .   a - +0 mace
rCold   . . .      Faith    .   (no shield)
rNeg    + . .      Spirit   .   b - +0 animal skin
rPois   ∞          Reflect  .   (no helmet)
rElec   +          Harm     .   (no cloak)
rCorr   .          Rampage  .   (no gloves)
Will    .....                   (no boots)
Stlth   ..........              (no amulet)
HPRegen 0.14/turn               (no ring)
MPRegen 0.09/turn               (no ring)

@: berserking, corroded, very quick
A: sickness immunity, AC +3, negative energy resistance 1, electricity
resistance, torment resistance 1, petrification resistance
a: Renounce Religion, Berserk, Trog's Hand


You were on level 4 of the Dungeon.
You worshipped Trog.
Trog was pleased with you.
You visited 1 branch of the dungeon, and saw 3 of its levels.

You collected 94 gold pieces.

Inventory:

Hand Weapons
 a - a +0 mace (weapon)
Missiles
 n - 2 poisoned darts (quivered)
Armour
 b - a +0 animal skin (worn)
 g - a +0 ring mail
Magical Staves
 h - a staff of poison
Scrolls
 e - 2 scrolls of identify {unknown}
 j - a scroll of immolation {unknown}
 k - a scroll of vulnerability {unknown}
 l - a scroll of butterflies {unknown}
Potions
 c - a potion of haste {unknown}
 d - a potion of attraction {unknown}
 f - 3 potions of ambrosia {unknown}
 i - a potion of brilliance {unknown}
 m - a potion of flight {unknown}


   Skills:
 + Level 3.7 Fighting
 + Level 3.7(3.8) Maces & Flails
 * Level 0.6(2.4) Staves
 * Level 2.8 Armour
 + Level 1.9 Dodging


You had 3 spell levels left.
You didn't know any spells.
Your spell library was empty.

Dungeon Overview and Level Annotations

Branches:
Dungeon (2/15)

Altars:

Annotations:
D:4 1 transporter, videwesjr's ghost, amateur MiBe


Innate Abilities, Weirdness & Mutations

You are immune to sickness and miasma.
Your stone body is resilient. (AC +3)
You are immune to poison.
You resist negative energy. (rN+)
You are resistant to electric shocks. (rElec)
You are resistant to unholy torment.
You are immune to petrification.


Message History

You hit the kobold.
You kill the kobold!
Trog accepts your kill.
Things that are here:
a +0 short sword; 2 poisoned darts; a kobold corpse
n - 2 poisoned darts You start resting.
HP restored.
Found a +6 ring of dexterity.
Videwesjr's ghost turns its malevolent gaze towards you.
You hear a chilling moan. x2
Found a rapier.
Videwesjr's ghost says, "Try not to bleed too much."
Videwesjr's ghost shouts, "You will join me soon!"
Found a transporter.
A kobold comes into view. It is wielding a +0 dagger.
Found 16 gold pieces.
A jelly comes into view.
Found a scroll labelled LUUD ANISO.
The kobold hits you but does no damage.
You closely miss the kobold.
The kobold hits you with a +0 dagger. x2
You hit the kobold.
The kobold is moderately wounded.
The kobold hits you but does no damage.
You sock the kobold!
You kill the kobold!
Trog accepts your kill.
You see here a +0 dagger.
You sock the jelly!
Your hands burn!
The jelly is severely wounded.
The jelly hits you. The acid corrodes you!
You are splashed with acid!
You hit the jelly but do no damage.
Your hands burn!
The jelly is severely wounded.
The jelly hits you.
You are splashed with acid!
* * * LOW HITPOINT WARNING * * *
A red film seems to cover your vision as you go berserk!
You feel yourself moving faster!
You feel mighty! The jelly hits you.
* * * LOW HITPOINT WARNING * * *
You are splashed with acid.
You die...

...........###.........
...........# #.........
...........########+#+#
###............
#.....##......$
#....)##....... #.....+
....... #...J.# #......
#...@.# ......
#..........####
##....?....#
#.........# #.........+
#.........# #.........#
#.........#


You could see a jelly.

Vanquished Creatures
  A gnoll (D:1)
  An adder (D:2)
  A dart slug (D:1)
  A ball python (D:1)
  9 bats
  3 endoplasms
  A giant cockroach (D:1)
  3 goblins (D:1)
  4 hobgoblins
  6 kobolds
  2 frilled lizards
  4 rats (D:1)
36 creatures vanquished.

Vanquished Creatures (others)
  A withered plant (D:1)
1 creature vanquished.

Grand Total: 37 creatures vanquished

Notes
Turn   | Place    | Note
-------+----------+-------------------------------------------
     0 | D:1      | KittyFluff the Gargoyle Berserker began the quest for the
                  | Orb.
     0 | D:1      | Reached XP level 1. HP: 14/14 MP: 1/1
   279 | D:1      | Reached XP level 2. HP: 15/19 MP: 2/2
   418 | D:1      | Found a faded altar of an unknown god.
   626 | D:1      | Reached XP level 3. HP: 4/23 MP: 3/3
  1555 | D:2      | Reached ** piety under Trog
  1602 | D:2      | You fall into a shaft and drop 2 floors!
  1611 | D:4      | Reached XP level 4. HP: 25/29 MP: 4/4
  1703 | D:4      | Noticed videwesjr's ghost (amateur MiBe)
  1718 | D:4      | Found a transporter.
  1740 | D:4      | HP: 1/43 [jelly (3)]
  1740 | D:4      | Splashed by a jelly's acid

Illustrated notes

Levels and vault maps discovered:
D:1:      dpeg_arrival_tiny_a, layout_rooms, ebering_ecumenical_altar_petrified
D:2:      layout_basic
D:4:      layout_basic, gammafunk_ghost_stat_death, uniq_pikel

Action                   |  1- 3 |  4- 6 || total
-------------------------+-------+-------++-------
Melee: Mace              |   101 |     7 ||   108
Invok: Berserk           |       |     1 ||     1
Armor: Animal skin       |    41 |     3 ||    44
Dodge: Dodged            |    70 |     1 ||    71
